 Dungeon Crawl Stone Soup version 0.30-a0-870-gc5d4c5acee (webtiles) character file.

Game seed: 10785369005474147775

146 cforsyth the Trooper (level 5, 0/43 HPs)
             Began as a Barachi Fighter on Mar 12, 2023.
             Slain by an ogre
             ... wielding a +0 giant club
              (4 damage)
             ... on level 3 of the Dungeon.
             The game lasted 00:01:50 (1917 turns).

cforsyth the Trooper (Barachi Fighter)              Turns: 1917, Time: 00:01:51

Health: 0/43       AC:  7    Str: 20    XL:     5   Next: 28%
Magic:  5/5        EV:  9    Int:  8    God:
Gold:   114        SH:  4    Dex: 11    Spells: 4/4 levels left

rFire   . . .      SeeInvis .    a - +0 war axe
rCold   . . .      Faith    .    c - +0 buckler
rNeg    . . .      Spirit   .    b - +0 scale mail
rPois   .          Reflect  .    (no helmet)
rElec   .          Rampage  .    (no cloak)
rCorr   .                        (no gloves)
Will    .....                    (no boots) Stlth
                                 (no amulet)
HPRegen 0.27/turn                (no ring)
MPRegen 0.09/turn                (no ring)

@: mighty, slow
A: amphibious, slowness 1, strong legs 1, +LOS
a: Hop


You were on level 3 of the Dungeon.
You visited 1 branch of the dungeon, and saw 3 of its levels.

You collected 114 gold pieces.

Inventory:

Hand Weapons
 a - a +0 war axe (weapon)
Armour
 b - a +0 scale mail (worn)
 c - a +0 buckler (worn)
Wands
 j - a wand of roots (8)
 q - a wand of flame (22)
Scrolls
 e - a scroll of fog {unknown}
 f - a scroll of fear {unknown}
 h - a scroll of teleportation {unknown}
 i - 2 scrolls of identify {unknown}
 k - a scroll of blinking {unknown}
 m - a scroll of amnesia {unknown}
Potions
 g - 2 potions of heal wounds {unknown}
 l - 2 potions of curing {unknown}
 n - a potion of mutation {unknown}
 o - a potion of flight {unknown}
 p - a potion of experience {unknown}


   Skills:
 + Level 4.7 Fighting
 + Level 3.4 Axes
 + Level 4.6 Armour
 + Level 4.2 Shields


You had 4 spell levels left.
You didn't know any spells.
Your spell library was empty.

Dungeon Overview and Level Annotations

Branches:
Dungeon (3/15)

Altars:
Ashenzari
Dithmenos
Vehumet


Innate Abilities, Weirdness & Mutations

You are amphibious.
You cover ground slowly.
You can hop short distances.
You have an extended range of vision and can be seen from far away.


Message History

You barely miss the goblin.
The goblin is almost dead.
The goblin hits you but does no damage. x2
The goblin attacks as you move away! The goblin hits you but does no damage.
The ogre attacks as you move away! You block the ogre's attack.
You don't know any spells.
You barely miss the ogre. The ogre closely misses you.
You hit the ogre.
The ogre is lightly wounded.
The ogre closely misses you.
You closely miss the ogre.
The ogre is lightly wounded.
The ogre hits you with a +0 giant club!
You barely miss the ogre.
The ogre is lightly wounded.
The ogre barely misses you.
You barely miss the ogre.
The ogre is lightly wounded.
The ogre hits you with a +0 giant club!
You feel very mighty all of a sudden.
You barely miss the ogre.
The ogre is lightly wounded.
The ogre closely misses you.
You barely miss the ogre.
The ogre is lightly wounded.
The ogre hits you with a +0 giant club!!
* * * LOW HITPOINT WARNING * * *
You closely miss the ogre.
The ogre is lightly wounded.
You block the ogre's attack.
You slash the ogre!
The ogre is severely wounded.
The ogre barely misses you.
You slash the ogre!
The ogre is almost dead.
The ogre barely misses you.
You barely miss the ogre.
The ogre is almost dead.
The ogre hits you with a +0 giant club.
You die...

#..................###
#....................#
#.....>..............###
#...................#...
#.......................
###.###.................†.
##...#
#..g.>..........(...
#..###
###O#.......(#...... #.##
#@####.....#...... #.# #.#
##....#...... #.########.#
#........... #...........
#........... #..####.####
..#...... #..# .. #..#
#..# #...


You could see an ogre and a goblin.

Vanquished Creatures
  2 orc priests
  4 adders
  2 dart slugs
  4 orcs
  7 endoplasms
  5 giant cockroaches
  4 goblins
  A hobgoblin (D:1)
  2 quokkas
  4 ball pythons
  2 bats (D:2)
  2 frilled lizards (D:1)
  A kobold (D:1)
  3 rats (D:1)
43 creatures vanquished.

Vanquished Creatures (others)
  A fungus (D:1)
  A plant (D:1)
2 creatures vanquished.

Grand Total: 45 creatures vanquished

Notes
Turn   | Place    | Note
-------+----------+-------------------------------------------
     0 | D:1      | cforsyth the Barachi Fighter began the quest for the Orb.
     0 | D:1      | Reached XP level 1. HP: 18/18 MP: 1/1
   171 | D:1      | Reached XP level 2. HP: 25/25 MP: 2/2
   292 | D:1      | Found a faded altar of an unknown god.
   757 | D:2      | Reached XP level 3. HP: 30/30 MP: 3/3
  1001 | D:2      | Found a shadowy altar of Dithmenos.
  1336 | D:2      | Reached XP level 4. HP: 34/37 MP: 4/4
  1666 | D:3      | Reached XP level 5. HP: 34/43 MP: 5/5
  1772 | D:3      | Found a radiant altar of Vehumet.
  1772 | D:3      | Found a broken altar of Ashenzari.
  1885 | D:3      | Noticed an ogre
  1913 | D:3      | HP: 2/43 [ogre/+0 giant club (19)]
  1917 | D:3      | Slain by an ogre

Illustrated notes

Levels and vault maps discovered:
D:1:      minmay_arrival_plants_in_alcoves, layout_rooms,
          shapermc_ecumenical_altar_acropolis
D:2:      layout_basic, basic_altar, moated_statue, minmay_tiny_reverse_x
D:3:      layout_rooms, amethyst_overflow_temple_binary, old_standard_altar,
          roderic_roman_lattice, minmay_misc_feat_four_crosses,
          minmay_ogre_servants

Skill      XL: |  1  2  3  4 |
---------------+-------------+-----
Fighting       | 4 |  4.7
Armour         | 4 |  4.6
Axes           | 3 |  3.4
Shields        | 4 |  4.2

Action                     |  1- 3 |  4- 6 || total
---------------------------+-------+-------++-------
  Melee: War axe           |    85 |    64 ||   149
    Use: Potion            |       |     1 ||     1
 Armour: Scale mail        |    52 |    39 ||    91
  Dodge: Dodged            |    50 |    32 ||    82
  Block: Buckler           |    21 |    18 ||    39

Table legend: (Time is in decaauts)
 A = Elapsed time spent in this place.
 B = Non-inter-level travel time spent in this place.
 C = Inter-level travel time spent in this place.
 D = Time resting spent in this place.
 E = Time spent auto-exploring this place.
 F = Levels seen in this place.
 G = Mean time per level.
                   A        B        C        D        E       F      G
               +--------+--------+--------+--------+--------+-----+--------+
         Total |   2244 |   2176 |     68 |    170 |   1621 |   3 |  748.0 |
       Dungeon |   2244 |   2176 |     68 |    170 |   1621 |   3 |  748.0 |
               +--------+--------+--------+--------+--------+-----+--------+

Top non-repeatable levels by time:
     D:2: 1251 daAuts
     D:1: 682 daAuts
     D:3: 310 daAuts
